 Dungeon Crawl Stone Soup version 0.30-a0-613-gdd512c7efb (webtiles) character file.

Game seed: 12488486570460244379

303561 bjtr the Earth Mage (level 21, 0/129 HPs)
             Began as a Gargoyle Earth Elementalist on Jan 8, 2023.
             Was the Champion of Vehumet.
             Killed from afar by a purple draconian knight (37 damage)
             ... with a shard of ice
             ... in a wizard's laboratory.
             The game lasted 05:19:06 (51011 turns).

bjtr the Earth Mage (Gargoyle Earth Elementalist)  Turns: 51011, Time: 05:19:07

Health: 0/129      AC: 31    Str: 16    XL:     21   Next: 9%
Magic:  1/41       EV: 15    Int: 30    God:    Vehumet [******]
Gold:   3512       SH: 13    Dex: 15    Spells: 5/53 levels left

rFire   + . .      SeeInvis .    a - +9 eveningstar (drain)
rCold   . . .      Faith    .    L - +1 kite shield {reflect}
rNeg    + . .      Spirit   .    R - +0 troll leather armour
rPois   ∞          Reflect  +    C - +2 helmet
rElec   +          Harm     .    Q - +0 cloak
rCorr   +          Rampage  .    F - +1 pair of gloves
Will    ++++.                    K - +2 pair of boots "Roapnaikh" {rF+ rCorr Str+3}
Stlth   +++                      B - amulet of regeneration
HPRegen 2.01/turn                E - ring "Vuyt" {rPois Will++ Str-4 Int+4}
MPRegen 0.27/turn                n - ring "Weheprif" {Will+ Str+4 Dex+5}

@: flying, very slightly contaminated, hasted, very quick
A: sickness immunity, AC +16, big wings, negative energy resistance 1,
electricity resistance, torment resistance 1, petrification resistance
}: 2/15 runes: serpentine, barnacled
a: Renounce Religion


You were in a wizard's laboratory.
You worshipped Vehumet.
Vehumet was exalted by your worship.
You visited 7 branches of the dungeon, and saw 33 of its levels.
You also visited: Bailey, Ice Cave and Wizlab.

You collected 4552 gold pieces.
You spent 1040 gold pieces at shops.

Inventory:

Hand Weapons
 a - a +9 eveningstar of draining (weapon)
 b - the +2 Maxwell's thermic engine {flame, freeze}
   (You found it on level 4 of the Shoals)

   It freezes those it strikes, dealing additional cold damage.
   It can also slow down cold-blooded creatures.
   It becomes more effective when it hits something.
   This effect fades over time.
 h - a +4 sling
 U - the +10 spear "Ytaad" {antimagic, Contam rN++ SInv}
   (You took it off a yaktaur captain on level 1 of the Vaults)

   rN:        It greatly protects you from negative energy.
   SInv:      It lets you see invisible.
   Contam:    It causes magical contamination when unequipped.
Missiles
 d - 6 throwing nets
 m - 7 silver javelins (quivered)
Armour
 p - a +0 robe of the Archmagi
 C - a +2 helmet (worn)
 F - a +1 pair of gloves (worn)
 K - the +2 pair of boots "Roapnaikh" (worn) {rF+ rCorr Str+3}
   (You found it in an ice cave)

   Str:       It affects your strength (+3).
   rF:        It protects you from fire.
   rCorr:     It protects you from acid and corrosion.
 L - a +1 kite shield of reflection (worn)
 Q - a +0 cloak (worn)
 R - a +0 troll leather armour (worn)
Jewellery
 i - a ring of resist corrosion
 n - the ring "Weheprif" (right hand) {Will+ Str+4 Dex+5}
   (You found it on level 4 of the Shoals)

   [ring of willpower]

   Str:       It affects your strength (+4).
   Dex:       It affects your dexterity (+5).
   Will:      It increases your willpower.
 A - a +4 ring of protection
 B - an amulet of regeneration (around neck)
 E - the ring "Vuyt" (left hand) {rPois Will++ Str-4 Int+4}
   (You bought it in a shop on level 2 of the Orcish Mines)

   [ring of poison resistance]

   Str:       It affects your strength (-4).
   Int:       It affects your intelligence (+4).
   rPois:     It protects you from poison.
   Will:      It greatly increases your willpower.
 G - a ring of protection from fire
 N - a ring of protection from cold
 P - a +6 ring of intelligence
 T - a ring of wizardry
Wands
 g - a wand of mindburst (38)
 t - a wand of paralysis (31)
 y - a wand of iceblast (35)
 D - a wand of polymorph (21)
 I - a wand of light (8)
Scrolls
 o - 8 scrolls of teleportation
 q - a scroll of summoning
 s - 4 scrolls of poison
 w - 8 scrolls of immolation
 x - 4 scrolls of amnesia
 O - 7 scrolls of fear
 S - a scroll of fog
 Z - 11 scrolls of identify
Potions
 c - a potion of invisibility
 f - 3 potions of cancellation
 j - 14 potions of curing
 u - 4 potions of ambrosia
 v - a potion of resistance
 M - a potion of brilliance
 V - 5 potions of might
Miscellaneous
 k - a lightning rod (4/4)
 X - a condenser vane


   Skills:
 + Level 13.3 Fighting
 + Level 8.3 Maces & Flails
 + Level 7.0 Armour
 + Level 9.4 Dodging
 + Level 5.8 Stealth
 + Level 12.3 Shields
 * Level 16.6 Spellcasting
 * Level 15.9 Conjurations
 - Level 0.7 Transmutations
 + Level 0.2 Fire Magic
 * Level 20.8 Earth Magic
 + Level 2.2 Poison Magic
 + Level 6.1 Evocations


You had 5 spell levels left.
You knew the following spells:

 Your Spells              Type           Power      Damage    Failure   Level
a - Lehudib's Crystal Sp  Conj/Erth      47%        10d11     4%          8
b - Passwall              Tmut/Erth      61%        N/A       1%          2
d - Starburst             Conj/Fire      32%        6d10      6%          6
e - Searing Ray           Conj           100%       2d8       0%          2
f - Mephitic Cloud        Conj/Pois/Air  57%        N/A       1%          3
g - Iron Shot             Conj/Erth      47%        9d9       1%          6
h - Lee's Rapid Deconstr  Erth           49%        3d23*     0%          5
i - Petrify               Tmut/Erth      74%        N/A       1%          4
j - Arcjolt               Conj/Air       32%        1d42      1%          5
k - Spellforged Servitor  Conj/Summ      32%        N/A       32%         7

Your spell library contained the following spells:

 Spells                   Type           Power      Damage    Failure   Level
 Ignition                 Fire           13%        3d6       100%        8
 Fire Storm               Conj/Fire      32%        8d8       100%        9
 Polar Vortex             Ice            12%        N/A       100%        9
 Magic Dart               Conj           100%       1d8       0%          1
 Sandblast                Erth           100%       2d20      0%          1
 Stone Arrow              Conj/Erth      100%       3d13      0%          3
 Freeze                   Ice            96%        1d10      1%          1
 Poisonous Vapours        Pois/Air       62%        N/A       1%          2
 Static Discharge         Conj/Air       100%       2-7/arc   1%          2
 Hailstorm                Conj/Ice       64%        3d14      1%          3
 Animate Armour           Summ/Erth      100%       N/A       1%          4
 Fulminant Prism          Conj/Hex       32%        3d16      1%          4
 Leda's Liquefaction      Hex/Erth       36%        N/A       1%          4
 Borgnjor's Vile Clutch   Necr/Erth      36%        N/A       1%          5
 Lightning Bolt           Conj/Air       32%        1d49      1%          5
 Beastly Appendage        Tmut           58%        N/A       3%          1
 Frozen Ramparts          Ice            48%        1d8       3%          3
 Summon Small Mammal      Summ           96%        N/A       4%          1
 Wereblood                Tmut           29%        N/A       4%          2
 Ensorcelled Hibernation  Hex/Ice        48%        N/A       6%          2
 Spider Form              Tmut/Pois      33%        N/A       7%          3
 Call Canine Familiar     Summ           24%        N/A       13%         3
 Summon Guardian Golem    Hex/Summ       24%        N/A       13%         3
 Tukima's Dance           Hex            24%        N/A       13%         3
 Vhi's Electric Charge    Tloc/Air       48%        N/A       13%         3
 Yara's Violent Unravell  Hex/Tmut       13%        3d7       24%         5
 Anguish                  Hex/Necr       12%        N/A       38%         4
 Animate Dead             Necr           24%        N/A       38%         4
 Dispel Undead            Necr           24%        3d12      38%         4
 Manifold Assault         Tloc           24%        N/A       38%         4
 Passage of Golubria      Tloc           24%        N/A       38%         4
 Summon Ice Beast         Ice/Summ       24%        N/A       38%         4
 Blade Hands              Tmut           14%        N/A       65%         5
 Summon Mana Viper        Hex/Summ       24%        N/A       75%         5
 Death Channel            Necr           12%        N/A       100%        6
 Dispersal                Tloc           12%        N/A       100%        6
 Enfeeble                 Hex            12%        N/A       100%        7
 Monstrous Menagerie      Summ           12%        N/A       100%        7
 Summon Hydra             Summ           12%        N/A       100%        7
 Disjunction              Tloc           12%        N/A       100%        8
 Cigotuvi's Dreadful Rot  Necr/Pois/Air  Unusable   N/A       N/A         2
 Sublimation of Blood     Necr           Unusable   N/A       N/A         2
 Statue Form              Tmut/Erth      Unusable   N/A       N/A         6

Dungeon Overview and Level Annotations

Branches:
Dungeon (15/15)            Temple (1/1) D:4            Lair (5/5) D:9
 Shoals (4/4) Lair:2        Snake (4/4) Lair:3        Slime (0/5) Lair:5
    Orc (2/2) D:9             Elf (0/3) Orc:2        Vaults (2/5) D:13
 Depths (0/4) D:15         Bailey (visited)           IceCv (visited)
 WizLab (1/1)
  Crypt: Vaults:2-3

Altars:
Ashenzari
Cheibriados
Dithmenos
Elyvilon
Fedhas
Gozag
Hepliaklqana
Kikubaaqudgha
Makhleb
Nemelex Xobeh
Okawaru
Qazlal
Ru
Sif Muna
Trog
Uskayaw
Vehumet
Wu Jian
Xom
Yredelemnul
Zin
The Shining One
Jiyva
Lugonu

Shops:
D:1 [   Orc:1 **   Orc:2 !=??   Snake:2 =   Snake:3 *!

Portals:
Abyss: Lair:5
Bazaar: Vaults:2

Annotations:
WizLab exclusion: 2 statues


Innate Abilities, Weirdness & Mutations

You are immune to sickness and miasma.
Your stone body is resilient. (AC +16)
You are immune to poison.
Your large and strong wings let you fly.
You resist negative energy. (rN+)
You are resistant to electric shocks. (rElec)
You are resistant to unholy torment.
You are immune to petrification.


Message History

A shard of ice appears from out of thin air!
The shard of ice hits you!!
* * * LOW HITPOINT WARNING * * *
Blink to where?
Press: ? - help, Dir - move target
As you read the scroll of blinking, it crumbles to dust.
As you read the scroll of fog, it crumbles to dust.
The scroll dissolves into smoke.
A bolt of dispelling energy appears from out of thin air!
The bolt of dispelling energy misses you.
A bolt of dispelling energy appears from out of thin air!
The bolt of dispelling energy hits you!
* * * LOW HITPOINT WARNING * * *
A bolt of dispelling energy appears from out of thin air!
The bolt of dispelling energy misses you.
A bolt of dispelling energy appears from out of thin air!
The bolt of dispelling energy misses you.
Something completely misses you. Something hits you but does no damage.
You block something's attack.
Casting: Starburst (dangerous; 6% risk of failure)
Confirm with . or Enter, or press ? or * to list all spells.
You can't see any susceptible monsters within range! (Use Z to cast anyway.) Unknown command.
Unknown command.
Unknown command.
Casting: Starburst (dangerous; 6% risk of failure)
Confirm with . or Enter, or press ? or * to list all spells.
Casting: Starburst (dangerous; 6% risk of failure)
Press: ? - help, Dir - look around, f - activate You miscast Starburst.
You are very lightly contaminated with residual magic.
The air around you crackles with energy!
* * * LOW HITPOINT WARNING * * *
Something hits you but does no damage.
You feel better.
Something hits you but does no damage. x2
You feel yourself speed up.
You hear some strange, mumbled words.
A shard of ice appears from out of thin air!
The shard of ice hits you!!!
You die...

....)..[..#.#.## ##.#.#........
#..........#.#.#####.#.#.........
.....§......###...).###..........
##...§§......#.##)##.#.......§...
....§§§........#...#..........§§.
##..§§§............[...........§§
∩#.§§.§........................§.
##[§§§.........................§§
#§###†#.........@#.............##
∩##∩#.#.#.#.#.#.#{#§#.#.#.#.#.#.
#..#.#.#.#.#.#.##§##.#.#.#.#.#.
##############################


There were no monsters in sight!

Vanquished Creatures
  Vashnia (Snake:2)
  Jory (Vaults:2)
  Mlioglotl (Snake:2)
  Jorgrun (Shoals:1)
  A lich (IceCv)
  Polyphemus (Shoals:2)
  Kirke (Shoals:3)
  Donald (Shoals:1)
  6 nagarajas (Snake:4)
  Roxanne (Shoals:3)
  A draconian knight (WizLab)
  3 vault wardens
  An ironbound thunderhulk (Vaults:1)
  6 very ugly things
  3 ironbound preservers
  Azrael (D:13)
  Nessos (D:12)
  8 dire elephants
  9 purple draconians (WizLab)
  The ghost of bande the Cleaver, a journeyman GrFi of Okawaru (Lair:5)
  6 statues (WizLab)
  An ettin (D:15)
  Josephine (D:15)
  6 merfolk javelineers (Shoals:4)
  An entropy weaver (Vaults:1)
  2 great orbs of eyes (Vaults:1)
  Harold (Lair:1)
  6 merfolk impalers
  The ghost of sokol815 the Covert, a journeyman OpFi of Gozag (Orc:1)
  10 vault guards
  2 yaktaur captains (Vaults:1)
  3 hydras
  A caustic shrike simulacrum (IceCv)
  3 catoblepae
  A rakshasa (D:15)
  3 boulder beetles
  2 centaur warriors
  16 anacondas
  3 merfolk avatars
  An ironbound frostheart (Vaults:2)
  5 merfolk aquamancers (Shoals:4)
  11 naga warriors
  4 alligator snapping turtles
  2 satyrs
  3 death yaks (Shoals:2)
  A tengu warrior (D:14)
  12 naga sharpshooters
  Urug (Lair:1)
  6 orc high priests
  10 two-headed ogres
  9 shock serpents
  Sonja (Lair:3)
  A hell knight (D:15)
  4 thrashing horrors (Lair:5)
  A deep elf knight (D:14)
  4 salamander mystics
  14 deep trolls
  2 spriggan simulacra (IceCv)
  Lodul (D:11)
  An obsidian statue (IceCv)
  18 sea snakes
  9 naga ritualists
  6 bog bodies (IceCv)
  14 orc knights
  A deep elf archer (D:14)
  2 deep elf pyromancers
  4 large abominations (Lair:5)
  8 lindwurms (Vaults:1)
  4 wizards
  A harpy (shapeshifter) (D:15)
  16 harpies
  5 ironbound convokers
  3 necromancers
  2 orc sorcerers
  3 oklob plants (Lair:5)
  7 cyclopes
  23 mana vipers
  14 ugly things
  10 fauns
  12 salamanders
  8 guardian serpents
  14 manticores
  37 black mambas
  7 merfolk sirens
  11 elephants
  14 naga magi
  5 smoke demons (Lair:5)
  Maurice (Orc:1)
  4 water nymphs
  2 vault sentinels (Vaults:1)
  Psyche (D:8)
  13 cane toads
  A gargoyle (D:13)
  4 rime drakes
  2 kobold demonologists
  2 unseen horrors
  Maggie (D:9)
  11 freezing wraiths (IceCv)
  20 tengu conjurers (WizLab)
  11 yaktaurs
  8 komodo dragons
  A golden dragon simulacrum (IceCv)
  6 anaconda simulacra (IceCv)
  5 trolls
  An ancient zyme (Lair:5)
  20 merfolk
  24 blink frogs
  9 wind drakes
  10 slime creatures (Vaults:1)
  12 dream sheep
  7 snapping turtles
  4 dire elephant simulacra (IceCv)
  A ynoxinul (Lair:5)
  A shadow (D:11)
  5 wraiths
  4 wyverns
  A spriggan (Lair:5)
  10 water elementals
  15 yaks
  3 basilisks
  3 fire elementals (D:13)
  A steam dragon (D:9)
  8 vampire mosquitoes
  A redback simulacrum (D:14)
  3 redbacks (Vaults:1)
  4 wargs
  48 nagas
  4 harpy simulacra (IceCv)
  15 water moccasins
  A floating eye (Lair:5)
  2 hydra simulacra (IceCv)
  4 hell hounds
  47 orc warriors
  A sky beast (D:7)
  2 black bears
  8 ice beasts
  An ettin simulacrum (IceCv)
  3 alligator simulacra (IceCv)
  20 ogres
  14 centaurs
  16 wolves
  3 phantoms
  7 kobold brigands
  14 small abominations (Lair:5)
  A gnoll sergeant (D:9)
  10 bullfrogs
  A scorpion (D:5)
  A necrophage (D:5)
  4 deep troll simulacra (IceCv)
  3 wights (D:9)
  10 killer bees
  2 lindwurm simulacra (IceCv)
  4 howler monkeys
  6 gnoll boudas
  9 hounds
  2 jellies (D:5)
  30 orc priests
  Jessica (D:3)
  6 iguanas
  Natasha (twice) (D:3)
  20 orc wizards
  11 gnolls
  8 adders
  A shadow imp (D:7)
  A white imp (D:7)
  An ufetubus (D:4)
  2 worms
  3 dart slugs
  102 orcs
  5 ball pythons
  13 bats
  7 endoplasms
  2 giant cockroaches
  3 goblins
  4 hobgoblins
  3 jackals (D:4)
  A quokka (D:1)
  4 frilled lizards
  32 kobolds
  A rat (D:1)
  A bush (D:6)
  A plant (Shoals:3)
1238 creatures vanquished.

Vanquished Creatures (collateral kills)
  A dream sheep (Lair:5)
  3 wolves (Lair:1)
4 creatures vanquished.

Vanquished Creatures (others)
  A merfolk aquamancer (Shoals:4)
  A death yak (Shoals:2)
  A faun (Shoals:2)
  A naga mage (Snake:4)
  A merfolk (Shoals:4)
  A spriggan (Lair:5)
  A human (Shoals:3)
  36 fungi
  94 plants
137 creatures vanquished.

Grand Total: 1379 creatures vanquished

Notes
Turn   | Place    | Note
-------+----------+-------------------------------------------
     0 | D:1      | bjtr the Gargoyle Earth Elementalist began the quest for
                  | the Orb.
     0 | D:1      | Reached XP level 1. HP: 10/10 MP: 3/3
    75 | D:1      | Reached skill level 4 in Earth Magic
   178 | D:1      | Reached XP level 2. HP: 15/15 MP: 3/5
   457 | D:1      | Found Cecas's Antique Armour Shoppe.
   874 | D:1      | Reached XP level 3. HP: 19/19 MP: 4/6
  1262 | D:2      | Found a faded altar of an unknown god.
  1317 | D:2      | Found a glowing golden altar of the Shining One.
  1369 | D:2      | Learned a level 2 spell: Passwall
  1373 | D:2      | Learned a level 3 spell: Stone Arrow
  2544 | D:3      | Noticed Natasha
  2549 | D:3      | Killed Natasha
  2550 | D:3      | Reached skill level 1 in Fighting
  2550 | D:3      | Reached skill level 5 in Earth Magic
  2550 | D:3      | Reached XP level 4. HP: 15/25 MP: 3/8
  2913 | D:3      | Noticed Natasha
  2924 | D:3      | Killed Natasha
  2975 | D:3      | Noticed Jessica
  3013 | D:3      | Killed Jessica
  3014 | D:3      | Reached XP level 5. HP: 30/30 MP: 7/9
  3175 | D:4      | Found a hazy altar of Hepliaklqana.
  3176 | D:4      | Found a shimmering blue altar of Sif Muna.
  3177 | D:4      | Found a stormy altar of Qazlal.
  3181 | D:4      | Found a radiant altar of Vehumet.
  3187 | D:4      | Became a worshipper of Vehumet
  3197 | D:4      | Reached skill level 1 in Shields
  3225 | D:4      | Noticed a phantom
  3230 | D:4      | Killed a phantom
  3298 | D:4      | Found a shadowy altar of Dithmenos.
  3298 | D:4      | Found a staircase to the Ecumenical Temple.
  3323 | D:4      | Reached XP level 6. HP: 35/35 MP: 6/10
  3461 | D:4      | Reached skill level 6 in Earth Magic
  3655 | D:4      | Reached * piety under Vehumet
  3655 | D:4      | Offered knowledge of Kiss of Death by Vehumet.
  3835 | D:4      | Found an ancient bone altar of Kikubaaqudgha.
  3918 | D:5      | Entered Level 5 of the Dungeon
  4372 | D:5      | Reached XP level 7. HP: 37/40 MP: 10/12
  4473 | D:5      | Reached skill level 7 in Earth Magic
  4890 | D:5      | Found a hide-covered altar of Uskayaw.
  4892 | D:5      | Reached XP level 8. HP: 48/48 MP: 14/14
  4988 | D:5      | Found an opulent altar of Gozag.
  5311 | D:5      | Reached skill level 8 in Earth Magic
  5486 | D:5      | Identified the +0 leather armour of the Candlemaker {rC+}
  5634 | D:6      | Reached skill level 5 in Spellcasting
  5661 | D:6      | Reached skill level 9 in Earth Magic
  5744 | D:6      | Found a blossoming altar of Fedhas.
  5758 | D:6      | Reached XP level 9. HP: 53/53 MP: 13/16
  5930 | D:6      | Reached ** piety under Vehumet
  5931 | D:6      | Reached skill level 5 in Fighting
  5971 | D:6      | Learned a level 4 spell: Animate Armour
  6271 | D:7      | Found a bloodstained altar of Trog.
  6295 | D:7      | Found a glowing golden altar of the Shining One.
  6319 | D:7      | Offered knowledge of Searing Ray by Vehumet.
  6327 | D:7      | Learned a level 2 spell: Searing Ray
  6454 | D:7      | Noticed a troll
  6460 | D:7      | Killed a troll
  6532 | D:7      | Reached skill level 1 in Armour
  6532 | D:7      | Reached skill level 10 in Earth Magic
  6967 | D:8      | Noticed Psyche
  7143 | D:8      | Offered knowledge of Mephitic Cloud by Vehumet.
  7391 | D:8      | Found a burning altar of Makhleb.
  7472 | D:8      | Learned a level 3 spell: Mephitic Cloud
  7550 | D:8      | Reached *** piety under Vehumet
  7571 | D:8      | Reached XP level 10. HP: 60/60 MP: 20/20
  7737 | D:8      | Killed Psyche
  7738 | D:8      | Reached skill level 5 in Shields
  7738 | D:8      | Reached skill level 11 in Earth Magic
  8107 | Temple   | Entered the Ecumenical Temple
  8387 | D:9      | Found a staircase to the Lair.
  8398 | D:9      | Found a flagged portal.
  8405 | Bailey   | Entered a bailey
  8448 | Bailey   | Offered knowledge of Kindle Blastsparks by Vehumet.
  8548 | Bailey   | Identified the +8 halberd of Arbitration {flame, rC+ Str+3
                  | Stlth+}
  8568 | Bailey   | Found a burning altar of Makhleb.
  8673 | D:9      | Reached skill level 12 in Earth Magic
  8767 | D:9      | Noticed a kobold demonologist
  8772 | D:9      | Killed a kobold demonologist
  8779 | D:9      | Reached **** piety under Vehumet
  8911 | D:9      | Identified the +7 chain mail of the Armoured One {rPois}
  8955 | D:9      | Reached XP level 11. HP: 66/66 MP: 11/23
  8957 | D:9      | Offered knowledge of Fireball by Vehumet.
  8988 | D:9      | Noticed a two-headed ogre
  8994 | D:9      | Killed a two-headed ogre
  9172 | D:9      | Found a staircase to the Orcish Mines.
  9202 | D:9      | Noticed Maggie
  9230 | D:9      | Killed Maggie
  9532 | D:9      | Reached skill level 13 in Earth Magic
 10200 | D:9      | Noticed a two-headed ogre
 10211 | D:9      | Killed a two-headed ogre
 10630 | D:10     | Entered Level 10 of the Dungeon
 10886 | D:10     | Reached skill level 1 in Conjurations
 11008 | D:10     | Noticed a two-headed ogre
 11014 | D:10     | Noticed a two-headed ogre
 11016 | D:10     | Killed a two-headed ogre
 11019 | D:10     | Killed a two-headed ogre
 11189 | D:10     | Reached ***** piety under Vehumet
 11189 | D:10     | Offered knowledge of Fulminant Prism by Vehumet.
 11632 | D:11     | Noticed a two-headed ogre
 11643 | D:11     | Killed a two-headed ogre
 11645 | D:11     | Reached skill level 14 in Earth Magic
 11786 | D:11     | Noticed a cyclops
 11817 | D:11     | Reached XP level 12. HP: 53/73 MP: 22/25
 11920 | D:11     | Reached skill level 1 in Poison Magic
 11920 | D:11     | Noticed Lodul
 11937 | D:11     | Killed Lodul
 12026 | D:11     | Found a shimmering altar of Xom.
 12151 | D:11     | Noticed a two-headed ogre
 12156 | D:11     | Killed a two-headed ogre
 12538 | D:11     | Noticed a two-headed ogre
 12541 | D:11     | Killed a two-headed ogre
 12961 | D:12     | Noticed a two-headed ogre
 12966 | D:12     | Killed a two-headed ogre
 13055 | D:12     | Noticed Nessos
 13063 | D:12     | Killed Nessos
 13207 | D:12     | Reached skill level 15 in Earth Magic
 13220 | D:12     | Learned a level 6 spell: Iron Shot
 13278 | D:12     | Noticed a centaur warrior
 13472 | D:12     | Killed a centaur warrior
 13484 | D:12     | Reached skill level 10 in Spellcasting
 14229 | D:13     | Reached XP level 13. HP: 80/80 MP: 10/27
 14475 | D:13     | Noticed Azrael
 14487 | D:13     | Killed Azrael
 14620 | D:13     | Found a gate to the Vaults.
 14654 | D:13     | Noticed a vault guard
 14688 | D:13     | Killed a vault guard
 14743 | D:13     | Noticed a vault guard
 14789 | D:13     | Killed a vault guard
 14951 | D:13     | Noticed a vault guard
 14952 | D:13     | Noticed a vault guard
 14958 | D:13     | Killed a vault guard
 14999 | D:13     | Noticed a vault guard
 15030 | D:13     | Killed a vault guard
 15030 | D:13     | Offered knowledge of Lee's Rapid Deconstruction by Vehumet.
 15031 | D:13     | Reached skill level 5 in Conjurations
 15037 | D:13     | Learned a level 5 spell: Lee's Rapid Deconstruction
 15069 | D:13     | Noticed a vault guard
 15115 | D:12     | Learned a level 4 spell: Petrify
 15168 | D:13     | Noticed a vault guard
 15170 | D:13     | Noticed a vault guard
 15173 | D:13     | Killed a vault guard
 15364 | D:12     | Killed a vault guard
 15667 | D:13     | Killed a vault guard
 15668 | D:13     | Killed a vault guard
 16570 | D:14     | Identified the +1 plate armour "Iju Xepy" {rElec rF+ rC++}
 16742 | D:14     | Noticed a dire elephant
 17275 | D:14     | Killed a dire elephant
 18151 | D:15     | Entered Level 15 of the Dungeon
 18198 | D:15     | Found a white marble altar of Elyvilon.
 18211 | D:15     | Reached skill level 10 in Shields
 18334 | D:15     | Noticed Josephine
 18339 | D:15     | Killed Josephine
 18390 | D:13     | Reached skill level 10 in Fighting
 18575 | D:15     | Gained mutation: Your large and strong wings let you fly.
                  | [Gargoyle growth]
 18575 | D:15     | Reached XP level 14. HP: 88/88 MP: 14/29
 18786 | D:15     | Found a staircase to the Depths.
 19173 | D:15     | Reached skill level 16 in Earth Magic
 19982 | Lair:1   | Entered Level 1 of the Lair of Beasts
 20143 | Lair:1   | Noticed Harold
 20153 | Lair:1   | Killed Harold
 20276 | Lair:1   | Reached skill level 5 in Dodging
 20446 | Lair:1   | Noticed Urug
 20471 | Lair:1   | Killed Urug
 21487 | Lair:2   | Found a staircase to the Shoals.
 22588 | Lair:3   | Found a staircase to the Snake Pit.
 22607 | Lair:3   | Found a broken altar of Ashenzari.
 22626 | Lair:3   | Noticed Sonja
 22634 | Lair:3   | Killed Sonja
 24104 | Lair:4   | Offered knowledge of Arcjolt by Vehumet.
 24128 | Lair:4   | Learned a level 5 spell: Arcjolt
 24815 | Lair:5   | Entered Level 5 of the Lair of Beasts
 24864 | Lair:5   | Reached XP level 15. HP: 79/93 MP: 22/30
 24951 | Lair:5   | Found a viscous altar of Jiyva.
 25107 | Lair:5   | Reached skill level 17 in Earth Magic
 25467 | Lair:5   | Found a transporter.
 25591 | Lair:5   | Found a transporter.
 25628 | Lair:5   | Noticed bande's ghost (journeyman GrFi)
 26122 | Lair:5   | Found a staircase to the Slime Pits.
 27002 | Lair:5   | Found a corrupted altar of Lugonu.
 27002 | Lair:5   | Found a one-way gate to the infinite horrors of the Abyss.
 27401 | Lair:5   | Killed bande's ghost
 27527 | Lair:5   | Identified the +0 scale mail "Luemituu" {Rampage *Corrode
                  | Dex+5}
 27960 | Orc:1    | Entered Level 1 of the Orcish Mines
 28098 | Orc:2    | Entered Level 2 of the Orcish Mines
 28119 | Orc:2    | Offered knowledge of Starburst by Vehumet.
 28165 | Orc:1    | Noticed Maurice
 28170 | Orc:1    | Killed Maurice
 28423 | Orc:1    | Found an opulent altar of Gozag.
 28424 | Orc:1    | Found a runed translucent gate.
 28424 | Orc:1    | Found a runed translucent gate.
 28424 | Orc:1    | Found a runed translucent gate.
 28425 | Orc:1    | Found Quddyret's Assorted Antiques.
 28425 | Orc:1    | Noticed sokol815's ghost (journeyman OpFi)
 28427 | Orc:1    | Found Ceub's Assorted Antiques.
 28626 | Orc:1    | Killed sokol815's ghost
 28960 | Orc:2    | Reached skill level 10 in Conjurations
 29151 | Orc:2    | Found a staircase to the Elven Halls.
 29364 | Orc:2    | Learned a level 6 spell: Starburst
 29460 | Orc:2    | Reached skill level 1 in Evocations
 29889 | Orc:2    | Reached XP level 16. HP: 38/100 MP: 10/32
 29890 | Orc:2    | Offered knowledge of Lightning Bolt by Vehumet.
 30197 | Orc:2    | Found Wextonem's Distillery.
 30200 | Orc:2    | Found Jeuluth's Magic Scroll Boutique.
 30201 | Orc:2    | Found Teddoel's Magic Scroll Shop.
 30202 | Orc:2    | Found Sokheaq's Jewellery Shop.
 30210 | Orc:2    | Bought the ring "Vuyt" {rPois Will++ Str-4 Int+4} for 615
                  | gold pieces
 30581 | Snake:1  | Entered Level 1 of the Snake Pit
 31408 | Snake:1  | You are sucked into a shaft and drop 1 floor!
 31408 | Snake:2  | Found Ajyminio's Jewellery Shop.
 31414 | Snake:2  | Bought an amulet of reflection for 360 gold pieces
 31532 | Snake:2  | Noticed Mlioglotl
 31537 | Snake:2  | Killed Mlioglotl
 31540 | Snake:2  | Reached skill level 5 in Armour
 31540 | Snake:2  | Reached skill level 5 in Stealth
 31540 | Snake:2  | Reached skill level 18 in Earth Magic
 31540 | Snake:2  | Reached XP level 17. HP: 106/106 MP: 9/34
 31668 | Snake:2  | Noticed Vashnia
 31694 | Snake:2  | Killed Vashnia
 33568 | Snake:3  | Found Noyss's Distillery.
 33571 | Snake:3  | Bought a potion of heal wounds for 65 gold pieces
 33602 | Snake:3  | Offered knowledge of Spellforged Servitor by Vehumet.
 34209 | Snake:3  | Found Ixolewu's Assorted Antiques.
 34586 | Snake:3  | Reached XP level 18. HP: 83/112 MP: 28/35
 34960 | Snake:3  | Learned a level 7 spell: Spellforged Servitor
 34961 | Snake:4  | Entered Level 4 of the Snake Pit
 35603 | Snake:4  | Reached skill level 5 in Evocations
 35755 | Snake:4  | Offered knowledge of Lehudib's Crystal Spear by Vehumet.
 36135 | Snake:4  | Reached skill level 19 in Earth Magic
 36851 | Snake:4  | Identified the +1 leather armour of the Heron {Contam
                  | Rampage +Inv Slay+5}
 37408 | Snake:4  | Got a serpentine rune of Zot
 37936 | Shoals:1 | Entered Level 1 of the Shoals
 37980 | Shoals:1 | Upgraded the game from 0.30-a0-605-gb2882149bf to
                  | 0.30-a0-613-gdd512c7efb
 37982 | Shoals:1 | Noticed Jorgrun
 37994 | Shoals:1 | Killed Jorgrun
 38411 | Shoals:1 | Noticed Donald
 38428 | Shoals:1 | Killed Donald
 38532 | Shoals:1 | Reached XP level 19. HP: 118/118 MP: 28/37
 38859 | Shoals:1 | Reached skill level 1 in Maces & Flails
 39358 | Shoals:1 | Reached skill level 15 in Spellcasting
 40069 | Shoals:2 | Noticed Polyphemus
 40107 | Shoals:2 | Killed Polyphemus
 40213 | Shoals:2 | Found a frozen archway.
 40228 | IceCv    | Entered an ice cave
 40554 | IceCv    | Identified the +2 pair of boots "Roapnaikh" {rF+ rCorr
                  | Str+3}
 40592 | IceCv    | Learned a level 8 spell: Lehudib's Crystal Spear
 40871 | IceCv    | Found an ancient bone altar of Kikubaaqudgha.
 40917 | IceCv    | Reached ****** piety under Vehumet
 41613 | IceCv    | Reached skill level 5 in Maces & Flails
 42493 | Shoals:3 | Noticed Roxanne
 42749 | Shoals:3 | Noticed Kirke
 42755 | Shoals:3 | Killed Kirke
 43792 | Shoals:3 | Killed Roxanne
 44734 | Shoals:4 | Entered Level 4 of the Shoals
 44961 | Shoals:4 | Found a transporter.
 44964 | Shoals:4 | Found a transporter.
 45162 | Shoals:4 | Found a transporter.
 45512 | Shoals:4 | Identified the ring "Weheprif" {Will+ Str+4 Dex+5}
 45702 | Shoals:4 | Found the +2 Maxwell's thermic engine {flame, freeze}
 45849 | Shoals:4 | Offered knowledge of Fire Storm by Vehumet.
 45849 | Shoals:4 | Offered knowledge of Polar Vortex by Vehumet.
 45849 | Shoals:4 | Offered knowledge of Ignition by Vehumet.
 45881 | Shoals:4 | Reached XP level 20. HP: 124/124 MP: 7/39
 45901 | Shoals:4 | Reached skill level 20 in Earth Magic
 45911 | Shoals:4 | Found a transporter.
 46151 | Shoals:4 | Got a barnacled rune of Zot
 46165 | Shoals:4 | Found a transporter.
 46166 | Shoals:4 | Found a transporter.
 46926 | Vaults:1 | Entered Level 1 of the Vaults
 47307 | Vaults:1 | Reached skill level 15 in Conjurations
 48546 | Vaults:1 | Identified the +10 spear "Ytaad" {antimagic, Contam rN++
                  | SInv}
 49280 | Vaults:2 | Identified a scroll of acquirement
 49280 | Vaults:2 | Acquired 705 gold pieces
 49418 | Vaults:2 | Found a gateway to a bazaar.
 49485 | Vaults:2 | Noticed Jory
 49499 | Vaults:2 | Killed Jory
 49533 | Vaults:2 | Found a magical portal.
 49558 | WizLab   | Entered Iskenderun's Mystic Tower
 50673 | WizLab   | Reached XP level 21. HP: 129/129 MP: 26/41
 50989 | WizLab   | HP: 4/129 [something/bolt of cold (37)]
 51011 | WizLab   | Killed from afar by a purple draconian knight

Illustrated notes

Levels and vault maps discovered:
D:1:      lemuel_arrival_rhombus, layout_basic, serial_shops, shop
D:2:      layout_basic, ebering_ecumenical_altar_box, basic_altar, minivault_19,
          minmay_crystal_room
D:3:      layout_loops_corners, serial_forest, infiniplex_forest_clump_long,
          infiniplex_forest_lined_3, infiniplex_forest_join,
          infiniplex_forest_lined_3, infiniplex_forest_pool,
          infiniplex_forest_clump_cross, infiniplex_forest_straight_5,
          infiniplex_forest_zigzag_1, minmay_misc_feat_x, uniq_natasha,
          uniq_jessica
D:4:      layout_rooms, mainiacjoe_overflow_alcove_1,
          chequers_temple_overflow_statue_of_worship, lemuel_doored_altar,
          minmay_temple_entry_statues, roderic_batcave, minmay_ruptured
D:5:      minmay_razor_zed, layout_basic, mainiacjoe_overflow_tiny_flanked,
          overflow_temple_1_default
D:6:      layout_cave_pools, fedhas_bush_and_centaur_altar
D:7:      layout_loops_ring, mainiacjoe_overflow_brackets, lemuel_crystal_altar
D:8:      layout_basic, lemuel_crystal_altar, uniq_psyche
D:9:      kennysheep_seaside_town, layout_cross, hellmonk_lair_entry_icy,
          hiddenorc1_lemuel, enter_bailey_2, hangedman_minor_gate_pass,
          uniq_maggie
D:10:     layout_basic
D:11:     layout_cave_pods, xom_teletrap_fun, uniq_lodul
D:12:     layout_cave_pools, dk_noncrumbling_3, minmay_sticks_and_stones,
          uniq_nessos
D:13:     layout_roguey, erik_vaults_2, hex_large, serial_park_tiny_1,
          uniq_azrael
D:14:     layout_basic, amcnicky_mini_rare_corridor_liquid,
          beargit_elvish_explorers
D:15:     hangedman_depths_entry_civil_slaughter, layout_gridville,
          elyvilon_altar_5, chequers_avenue, uniq_josephine
Temple:   hellmonk_temple_flake
Lair:1:   layout_cave_pods, grunt_megastairs_3, lemuel_fruit_tree, uniq_urug,
          uniq_harold
Lair:2:   layout_cave_pods, shoals_dummy_entry
Lair:3:   layout_cellular_growth, nicolae_snake_entry_squirm, basic_altar,
          uniq_sonja
Lair:4:   beast_lair_carwin_large_2, layout_cave_pods, serial_bayou_shore_a
Lair:5:   hellmonk_lair_end_abyssal_woods, layout_long_grid, slime_entry_1,
          nzn_ghost_randoct, disabler_island, infiniplex_staircase_pool_2
Shoals:1: layout_shoals, nicolae_shoals_mertower, uniq_jorgrun, uniq_donald
Shoals:2: layout_shoals, portal_ice_cave_entry_pillars_1, uniq_polyphemus
Shoals:3: layout_shoals, yaktaur_hedge, uniq_kirke, uniq_roxanne
Shoals:4: shoals_end_simple, layout_shoals, serial_nicolae_subway,
          nicolae_sub_station_crystal, nicolae_sub_station_metal,
          nicolae_sub_station_stone
Snake:1:  layout_misc_corridors
Snake:2:  layout_layer_cave, serial_shops, nicolae_shop_statue_plus,
          grunt_ministairs_7, uniq_vashnia, uniq_mlioglotl
Snake:3:  layout_honeycomb, serial_shops, nicolae_shop_overgrown_old_shop,
          nicolae_stop_n_shop_1
Snake:4:  grunt_snake_rune_pools, layout_misc_corridors,
          nicolae_snake_mages_go_home
Orc:1:    layout_caves, ebering_ghost_gozag, mines2_lemuel, uniq_maurice
Orc:2:    st_orc_pillars, layout_diamond_mine
Vaults:1: vaults_room_pools, vaults_room_corners,
          nicolae_vaults_little_squares_4, v_misc_23, nicolae_vaults_big_ls,
          ontoclasm_vaults_fault, special_room_vaults [special_room_orc],
          vaults_dpeg_spiral, nicolae_vaults_rhombus_6, layout_vaults_omnigrid
Vaults:2: lightli_enter_wizlab_magi_temple, serial_ice_h, vaults_room_octagon,
          vaults_room_door_ring, nicolae_vaults_diagonal_hallway_6,
          nicolae_vaults_little_ls, ontoclasm_vaults_ring_square,
          minmay_crypt_entry_simple_walls, layout_vaults_big_room, serial_shops,
          statue_bzr, uniq_jory, uniq_nikola, uniq_mennas
WizLab:   wizlab_iskenderun

Skill      XL: |  1  2  3  4  5  6  7  8  9 10 11 12 13 14 15 16 17 18 19 20 |
---------------+-------------------------------------------------------------+-----
Earth Magic    | 4 5 6 7 9 10 12 14 15 16 17 18 19 20 | 20.8
Fighting       | 1 2 3 4 5 6 7 8 10 11 12 13 | 13.3
Spellcasting   | 3 4 5 6 8 9 10 11 12 13 14 15 16 | 16.6
Shields        | 1 3 4 6 7 8 10 11 12 | 12.3
Dodging        | 2 3 4 6 7 8 9 |  9.4
Stealth        | 3 4 5 |  5.8
Armour         | 1 2 3 4 5 6 7 |  7.0
Conjurations   | 1 3 7 8 10 11 12 13 14 15 | 15.9
Poison Magic   | 1 2 |  2.2
Evocations     | 1 3 4 6 |  6.1
Maces & Flails | 6 8 |  8.3
Transmutations | |  0.7
Fire Magic     | |  0.2

Action                   |  1- 3 |  4- 6 |  7- 9 | 10-12 | 13-15 | 16-18 | 19-21 || total
-------------------------+-------+-------+-------+-------+-------+-------+-------++-------
Melee: Short sword       |    20 |    26 |   101 |   162 |   114 |       |       ||   423
       Scimitar          |       |       |       |       |   771 |   581 |    73 ||  1425
       Eveningstar       |       |       |       |       |       |       |   409 ||   409
Throw: Dart              |       |       |       |       |     8 |       |       ||     8
       Boomerang         |       |       |       |       |     8 |       |     2 ||    10
       Javelin           |       |       |       |       |     5 |       |     1 ||     6
 Cast: Sandblast         |    49 |    52 |   139 |   259 |    51 |     5 |       ||   555
       Stone Arrow       |       |       |     1 |    31 |    15 |     4 |       ||    51
       Searing Ray       |       |       |     1 |    12 |     8 |       |     1 ||    22
       Mephitic Cloud    |       |       |       |    27 |    33 |       |       ||    60
       Passwall          |       |       |       |     1 |       |       |       ||     1
       Iron Shot         |       |       |       |     8 |   196 |   117 |    90 ||   411
       Arcjolt           |       |       |       |       |    72 |   131 |   120 ||   323
       Lee's Rapid Decon |       |       |       |       |     5 |       |    17 ||    22
       Petrify           |       |       |       |       |     2 |       |       ||     2
       Animate Armour    |       |       |       |       |     1 |       |       ||     1
       Lehudib's Crystal |       |       |       |       |       |       |   135 ||   135
       Starburst         |       |       |       |       |       |       |    19 ||    19
Evoke: Wand              |       |       |     1 |     1 |     1 |       |     1 ||     4
       Lightning rod     |       |       |       |       |     6 |       |     3 ||     9
  Use: Potion            |     2 |       |       |       |     9 |     5 |     6 ||    22
       Scroll            |       |    12 |     7 |     5 |    10 |     1 |    10 ||    45
 Stab: Sleeping          |       |     1 |     1 |     1 |     5 |     3 |     1 ||    12
       Confused          |       |       |       |     1 |     2 |       |       ||     3
       Invisible         |       |       |       |       |       |       |     4 ||     4
Armor: Robe              |     6 |     9 |    31 |       |       |       |       ||    46
       Leather armour    |     1 |     3 |       |       |       |       |       ||     4
       Troll leather arm |       |       |    29 |   225 |   820 |   552 |   470 ||  2096
       Acid dragon scale |       |       |     5 |       |       |       |       ||     5
Dodge: Dodged            |    16 |    22 |    70 |   180 |   660 |   513 |   476 ||  1937
Block: Kite shield       |     6 |    17 |    68 |   201 |   820 |   759 |   591 ||  2462
       Reflection        |       |       |       |       |       |    72 |    42 ||   114

Table legend: (Time is in decaauts)
 A = Elapsed time spent in this place.
 B = Non-inter-level travel time spent in this place.
 C = Inter-level travel time spent in this place.
 D = Time resting spent in this place.
 E = Time spent auto-exploring this place.
 F = Levels seen in this place.
 G = Mean time per level.
                   A        B        C        D        E       F      G
               +--------+--------+--------+--------+--------+-----+--------+
         Total |  52288 |  48009 |   4279 |  12138 |  24455 |  36 | 1452.4 |
       Dungeon |  21297 |  18529 |   2768 |   4147 |  10419 |  15 | 1419.8 |
        Temple |    238 |    216 |     22 |      0 |    129 |   1 |  238.0 |
          Lair |   8555 |   7838 |    717 |   1391 |   4609 |   5 | 1711.0 |
        Shoals |   6661 |   6152 |    509 |   1772 |   3039 |   4 | 1665.2 |
     Snake Pit |   7197 |   7057 |    140 |   1800 |   3596 |   4 | 1799.2 |
  Orcish Mines |   2420 |   2330 |     90 |    403 |   1193 |   2 | 1210.0 |
        Vaults |   2656 |   2625 |     31 |    701 |   1111 |   2 | 1328.0 |
        Bailey |    228 |    228 |      0 |     34 |      1 |   1 |  228.0 |
      Ice Cave |   1567 |   1567 |      0 |    797 |    303 |   1 | 1567.0 |
        Wizlab |   1465 |   1465 |      0 |   1093 |     55 |   1 | 1465.0 |
               +--------+--------+--------+--------+--------+-----+--------+

Top non-repeatable levels by time:
  Lair:5: 2936 daAuts
 Snake:4: 2719 daAuts
    D:14: 2565 daAuts
     D:9: 2404 daAuts
Vaults:1: 2258 daAuts
 Snake:2: 2229 daAuts
Shoals:1: 2136 daAuts
Shoals:4: 1796 daAuts
   Orc:2: 1667 daAuts
     D:5: 1657 daAuts
  Lair:3: 1631 daAuts
     D:4: 1600 daAuts
  Lair:4: 1595 daAuts
    D:11: 1574 daAuts
   IceCv: 1567 daAuts
